AoeStats
← Manololc

Arabia

510361850Analyzed
1v1 RM · 12h ago on Sep 30, 2026· 43m 44s· 2 players
Game mode
Random Map
Map size
Tiny (2 player)
Population
200
Speed
Normal
Resources
Standard
Victory
Conquest
Starting age
Dark Age
Ending age
Imperial Age
RankedLock teamsTeams togetherTeam positionsShared explorationLock speedFull tech treeHidden civsTurbo modeCheats
Victory
Defeat
🇲🇽 Teutons · Mexico
961
+15
🇸🇪 Varangians · Sweden
937
-15
yhea
9:11 Loom
11:45 Feudal Age
21:08 Castle Age
21:07 Wheelbarrow
21:07 Double-Bit Axe
21:37 Forging
21:33 Scale Barding Armor
21:54 Bloodlines
30:17 Pikeman
34:00 Hand Cart
39:27 Squires
Manololc
8:21 Feudal Age
6:50 Loom
12:33 Scale Barding Armor
20:54 Castle Age
19:45 Gold Mining
22:24 Forging
26:38 Chain Barding Armor
28:30 Iron Casting
Connection lost

Rejoining the realm…

Still unreachable

The connection could not be restored.

Session expired

The server has moved on; the page needs a fresh start.